| TOP OF THE 1ST |
|
San Antonio Missions batting - Pitching for San Jose Giants : LHP Chris Morales
|
|
Pitching: LHP Chris Morales
|
|
|
Batting: LHB Tsutomu Miyahara
|
0-0: Called Strike 0-1: Ball 1-1: Ball 2-1: Fly out, F9 (Flyball, 9, EV 80.0 MPH)
|
|
Batting: LHB Ryan Flynn Jr.
|
0-0: Ground out 4-3 (Groundball, 4, EV 79.4 MPH)
|
|
Batting: RHB Ryan Flynn
|
0-0: Ball 1-0: Ball 2-0: Ball 3-0: Base on Balls
|
|
Batting: LHB Conrad Taylor
|
0-0: Called Strike Ryan Flynn steals 2nd base (no throw) 0-1: Fly out, F8 (Flyball, 89D, EV 98.1 MPH)
|
| Top of the 1st over - 0 runs, 0 hits, 0 errors, 1 left on base; San Antonio 0 - San Jose 0 |
| BOTTOM OF THE 1ST |
|
San Jose Giants batting - Pitching for San Antonio Missions : RHP Jesus Elizondo
|
|
Pitching: RHP Jesus Elizondo
|
|
|
Batting: RHB Tyler Mapes
|
0-0: Called Strike 0-1: Ball 1-1: Ball 2-1: Ground out 4-3 (Groundball, 34, EV 103.1 MPH)
|
|
Batting: RHB Yutaka Oki
|
0-0: Swinging Strike 0-1: Ball 1-1: Ground out 5-3 (Groundball, 56, EV 88.1 MPH)
|
|
Pitching: RHP Tristan Vollmer
|
|
|
Batting: LHB Nate Conley
|
0-0: Foul Ball, location: 2F 0-1: Ball 1-1: Swinging Strike 1-2: Hit by Pitch
|
|
Batting: RHB Tade Post
|
0-0: Foul Ball, location: 2F 0-1: Fly out, F7 (Flyball, 7S, EV 96.3 MPH)
|
| Bottom of the 1st over - 0 runs, 0 hits, 0 errors, 1 left on base; San Antonio 0 - San Jose 0 |
| TOP OF THE 2ND |
|
San Antonio Missions batting - Pitching for San Jose Giants : LHP Chris Morales
|
|
Batting: RHB Kyle Davis
|
0-0: Called Strike 0-1: Ball 1-1: Ball 2-1: Ball 3-1: Base on Balls
|
|
Batting: RHB Min-chin Yi
|
0-0: Ball 1-0: Called Strike 1-1: Ball 2-1: Ball 3-1: Called Strike 3-2: Foul Ball, location: 2F 3-2: Base on Balls Kyle Davis to second
|
|
Batting: SHB Curtis Thompson
|
0-0: Ball 1-0: Called Strike 1-1: Foul Ball, location: 2F 1-2: Strikes out swinging
|
|
Batting: LHB Josh Slusarczyk
|
0-0: Ball 1-0: Ball 2-0: Ball 3-0: Base on Balls Kyle Davis to third Min-chin Yi to second
|
|
Batting: SHB Ryohei Nakano
|
0-0: Called Strike 0-1: Called Strike 0-2: Strikes out swinging
|
|
Batting: LHB Tsutomu Miyahara
|
0-0: Foul Ball, location: 2F 0-1: Ball 1-1: Ball 2-1: Fielders Choice at 2nd, U4 (Groundball, 4M, EV 84.4 MPH)
|
| Top of the 2nd over - 0 runs, 0 hits, 0 errors, 3 left on base; San Antonio 0 - San Jose 0 |
| BOTTOM OF THE 2ND |
|
San Jose Giants batting - Pitching for San Antonio Missions : RHP Tristan Vollmer
|
|
Batting: RHB Adam Solesbee
|
0-0: Called Strike 0-1: Called Strike 0-2: Ball 1-2: Strikes out swinging
|
|
Batting: LHB Tony Galvan
|
0-0: Called Strike 0-1: Fly out, F8 (Flyball, 8RS, EV 92.5 MPH)
|
|
Batting: RHB Josh Lippens
|
0-0: Foul Ball, location: 2F 0-1: Ground out U3 (Groundball, 34, EV 88.1 MPH)
|
| Bottom of the 2nd over - 0 runs, 0 hits, 0 errors, 0 left on base; San Antonio 0 - San Jose 0 |
| TOP OF THE 3RD |
|
San Antonio Missions batting - Pitching for San Jose Giants : LHP Chris Morales
|
|
Batting: LHB Ryan Flynn Jr.
|
0-0: Ball 1-0: Ball 2-0: Fly out, F7 (Flyball, 78S, EV 91.3 MPH)
|
|
Batting: RHB Ryan Flynn
|
0-0: Ball 1-0: Ball 2-0: Ball 3-0: Base on Balls
|
|
Batting: LHB Conrad Taylor
|
0-0: Called Strike 0-1: Ball 1-1: Called Strike 1-2: Foul Ball, location: 2F 1-2: Foul Ball, location: 2F 1-2: Foul Ball, location: 2F 1-2: SINGLE (Groundball, 34D, EV 100.0 MPH) Ryan Flynn to second Runner from 2nd tries for 3rd, SAFE, throw by RF made to third
|
|
Batting: RHB Kyle Davis
|
0-0: Ball 1-0: Ball 2-0: Swinging Strike 2-1: Ball 3-1: Called Strike 3-2: Base on Balls Conrad Taylor to second
|
|
Batting: RHB Min-chin Yi
|
0-0: Ball 1-0: Swinging Strike 1-1: Ball 2-1: Ball 3-1: Swinging Strike 3-2: Base on Balls Ryan Flynn scores Conrad Taylor to third Kyle Davis to second
|
|
Batting: SHB Curtis Thompson
|
0-0: Ball 1-0: Called Strike 1-1: Swinging Strike 1-2: Strikes out swinging
|
|
Batting: LHB Josh Slusarczyk
|
0-0: Foul Ball, location: 2F 0-1: Ball 1-1: Called Strike 1-2: Fielders Choice at 2nd, 6-4 (Groundball, 4M, EV 111.3 MPH)
|
| Top of the 3rd over - 1 run, 1 hit, 0 errors, 3 left on base; San Antonio 1 - San Jose 0 |
| BOTTOM OF THE 3RD |
|
San Jose Giants batting - Pitching for San Antonio Missions : RHP Tristan Vollmer
|
|
Batting: RHB Jack Toole
|
0-0: Ball 1-0: Ball 2-0: Called Strike 2-1: Foul Ball, location: 2F 2-2: Ground out 6-3 (Groundball, P, EV 81.3 MPH)
|
|
Batting: RHB Mike Jones
|
0-0: Called Strike 0-1: Foul Ball, location: 2F 0-2: Ground out 6-3 (Groundball, 56, EV 79.4 MPH)
|
|
Batting: RHB Tyler Mapes
|
0-0: Called Strike 0-1: Fly out, F9 (Flyball, 9LM, EV 91.9 MPH)
|
| Bottom of the 3rd over - 0 runs, 0 hits, 0 errors, 0 left on base; San Antonio 1 - San Jose 0 |
| TOP OF THE 4TH |
|
San Antonio Missions batting - Pitching for San Jose Giants : LHP Chris Morales
|
|
Batting: SHB Ryohei Nakano
|
0-0: Fly out, F6 (Popup, P, EV 83.1 MPH)
|
|
Batting: LHB Tsutomu Miyahara
|
0-0: Ball 1-0: Swinging Strike 1-1: TRIPLE (Flyball, 9LD, EV 94.4 MPH)
|
|
Batting: LHB Ryan Flynn Jr.
|
0-0: Squeeze Bunt to 56S - play at first, runner scores, batter safe! Tsutomu Miyahara scores
|
|
Batting: RHB Ryan Flynn
|
0-0: Ball 1-0: Ball Ryan Flynn Jr. steals 2nd base (no throw) 2-0: Ground out 5-3 (Groundball, 56, EV 89.4 MPH)
|
|
Batting: LHB Conrad Taylor
|
0-0: Ball 1-0: Called Strike 1-1: Fly out, F7 (Line Drive, 7, EV 94.4 MPH)
|
| Top of the 4th over - 1 run, 2 hits, 0 errors, 1 left on base; San Antonio 2 - San Jose 0 |
| BOTTOM OF THE 4TH |
|
San Jose Giants batting - Pitching for San Antonio Missions : RHP Tristan Vollmer
|
|
Batting: RHB Yutaka Oki
|
0-0: Ball 1-0: Swinging Strike 1-1: Swinging Strike 1-2: Ball 2-2: Strikes out swinging
|
|
Batting: LHB Nate Conley
|
0-0: Foul Ball, location: 2F 0-1: Foul Ball, location: 2F 0-2: Ball 1-2: Foul Ball, location: 2F 1-2: Ball 2-2: SINGLE (Flyball, 34D, EV 90.0 MPH)
|
|
Batting: RHB Tade Post
|
0-0: Called Strike 0-1: Swinging Strike 0-2: Strikes out looking
|
|
Pitching: RHP Eric Fragoso
|
|
|
Batting: RHB Adam Solesbee
|
0-0: Called Strike 0-1: Called Strike 0-2: Ball 1-2: Foul Ball, location: 2F 1-2: Fielders Choice at 2nd, 6-4 (Groundball, 6, EV 88.1 MPH)
|
| Bottom of the 4th over - 0 runs, 1 hit, 0 errors, 1 left on base; San Antonio 2 - San Jose 0 |
| TOP OF THE 5TH |
|
San Antonio Missions batting - Pitching for San Jose Giants : LHP Chris Morales
|
|
Batting: RHB Kyle Davis
|
0-0: Ball 1-0: Swinging Strike 1-1: Ball 2-1: Fly out, F9 (Flyball, 89S, EV 88.1 MPH)
|
|
Batting: RHB Min-chin Yi
|
0-0: Ball 1-0: Ground out 4-3 (Groundball, 4, EV 101.9 MPH)
|
|
Batting: SHB Curtis Thompson
|
0-0: Foul Ball, location: 2F 0-1: Called Strike 0-2: Foul Ball, location: 2F 0-2: Foul Ball, location: 2F 0-2: Foul Ball, location: 2F 0-2: Foul Ball, location: 2F 0-2: Ball 1-2: Ball 2-2: Ball 3-2: Strikes out swinging
|
| Top of the 5th over - 0 runs, 0 hits, 0 errors, 0 left on base; San Antonio 2 - San Jose 0 |
| BOTTOM OF THE 5TH |
|
San Jose Giants batting - Pitching for San Antonio Missions : RHP Eric Fragoso
|
|
Batting: LHB Tony Galvan
|
0-0: Ground out U3 (Groundball, 34, EV 105.0 MPH)
|
|
Batting: RHB Josh Lippens
|
0-0: Called Strike 0-1: Ball 1-1: Foul Ball, location: 2F 1-2: Foul Ball, location: 2F 1-2: Ball 2-2: Foul Ball, location: 2F 2-2: Foul Ball, location: 2F 2-2: Ground out 4-3 (Groundball, 4, EV 83.1 MPH)
|
|
Batting: RHB Jack Toole
|
0-0: Ball 1-0: Ball 2-0: Ball 3-0: Base on Balls
|
|
Batting: RHB Mike Jones
|
0-0: Ball 1-0: Ground out 4-3 (Groundball, 34S, EV 82.5 MPH)
|
| Bottom of the 5th over - 0 runs, 0 hits, 0 errors, 1 left on base; San Antonio 2 - San Jose 0 |
| TOP OF THE 6TH |
|
San Antonio Missions batting - Pitching for San Jose Giants : LHP Chris Morales
|
|
Batting: LHB Josh Slusarczyk
|
0-0: Ball 1-0: Called Strike 1-1: Swinging Strike 1-2: Foul Ball, location: 2F 1-2: Foul Ball, location: 2F 1-2: Strikes out swinging
|
|
Pitching: RHP Josh Aronhalt
|
|
|
Batting: SHB Ryohei Nakano
|
0-0: Ball 1-0: Ball 2-0: Swinging Strike 2-1: Ground out 5-3 (Groundball, 5L, EV 84.4 MPH)
|
|
Batting: LHB Tsutomu Miyahara
|
0-0: Foul Ball, location: 2F 0-1: Swinging Strike 0-2: Ball 1-2: SINGLE (Groundball, 4MD, EV 110.0 MPH)
|
|
Batting: LHB Ryan Flynn Jr.
|
0-0: Ball Tsutomu Miyahara is caught stealing 2nd base 2-6
|
| Top of the 6th over - 0 runs, 1 hit, 0 errors, 0 left on base; San Antonio 2 - San Jose 0 |
| BOTTOM OF THE 6TH |
|
San Jose Giants batting - Pitching for San Antonio Missions : RHP Eric Fragoso
|
|
Batting: RHB Tyler Mapes
|
0-0: Called Strike 0-1: Foul Ball, location: 2F 0-2: Ball 1-2: Foul Ball, location: 2F 1-2: Ball 2-2: Ball 3-2: Foul Ball, location: 2F 3-2: Strikes out looking
|
|
Batting: RHB Yutaka Oki
|
0-0: Fly out, F3 (Popup, 3SF, EV 84.4 MPH)
|
|
Batting: LHB Nate Conley
|
0-0: Ball 1-0: Swinging Strike 1-1: DOUBLE (Flyball, 8RXD, EV 110.0 MPH)
|
|
Batting: RHB Tade Post
|
0-0: Ground out 4-3 (Groundball, 4, EV 107.5 MPH)
|
| Bottom of the 6th over - 0 runs, 1 hit, 0 errors, 1 left on base; San Antonio 2 - San Jose 0 |
| TOP OF THE 7TH |
|
San Antonio Missions batting - Pitching for San Jose Giants : RHP Josh Aronhalt
|
|
Batting: LHB Ryan Flynn Jr.
|
0-0: Ball 1-0: Swinging Strike 1-1: Foul Ball, location: 2F 1-2: Foul Ball, location: 2F 1-2: Strikes out swinging
|
|
Batting: RHB Ryan Flynn
|
0-0: Ball 1-0: DOUBLE (Groundball, 5L, EV 104.4 MPH)
|
|
Batting: LHB Conrad Taylor
|
0-0: Intentional Walk
|
|
Batting: RHB Kyle Davis
|
0-0: Ball 1-0: Ball 2-0: Fly out, F7 (Flyball, 7LS, EV 76.9 MPH)
|
|
Batting: RHB Min-chin Yi
|
0-0: Ball 1-0: Swinging Strike 1-1: Ball 2-1: Ball 3-1: Swinging Strike 3-2: Strikes out looking
|
| Top of the 7th over - 0 runs, 1 hit, 0 errors, 2 left on base; San Antonio 2 - San Jose 0 |
| BOTTOM OF THE 7TH |
|
San Jose Giants batting - Pitching for San Antonio Missions : RHP Eric Fragoso
|
|
Pitching: RHP Zach Monlux
|
|
|
Batting: RHB Adam Solesbee
|
0-0: Called Strike 0-1: Foul Ball, location: 2F 0-2: Ball 1-2: Ball 2-2: Strikes out swinging
|
|
Batting: LHB Tony Galvan
|
0-0: Ball 1-0: Ball 2-0: Ball 3-0: Called Strike 3-1: SINGLE (Line Drive, 8RS, EV 91.9 MPH)
|
|
Batting: RHB Josh Lippens
|
0-0: Ball 1-0: Called Strike 1-1: Ball 2-1: Foul Ball, location: 2F 2-2: Ball 3-2: Base on Balls Tony Galvan to second
|
|
Batting: RHB Jack Toole
|
0-0: Called Strike 0-1: Ball 1-1: Ball 2-1: Ball 3-1: Base on Balls Tony Galvan to third Josh Lippens to second
|
|
Pinch Hitting: LHB James Wheaton
|
0-0: Foul Ball, location: 2F 0-1: Foul Ball, location: 2F 0-2: Strikes out swinging
|
|
Batting: RHB Tyler Mapes
|
0-0: Called Strike 0-1: Foul Ball, location: 2F 0-2: Strikes out looking
|
| Bottom of the 7th over - 0 runs, 1 hit, 0 errors, 3 left on base; San Antonio 2 - San Jose 0 |
| TOP OF THE 8TH |
|
San Antonio Missions batting - Pitching for San Jose Giants : RHP Josh Aronhalt
|
|
Now in LF: Ian Richardson
|
|
|
Now in RF: Tony Galvan
|
|
|
Batting: SHB Curtis Thompson
|
0-0: Called Strike 0-1: Ball 1-1: Ball 2-1: Ball 3-1: Base on Balls
|
|
Batting: LHB Josh Slusarczyk
|
0-0: Called Strike 0-1: Ball 1-1: Ball 2-1: Ball 3-1: Base on Balls Curtis Thompson to second
|
|
Batting: SHB Ryohei Nakano
|
0-0: Ball 1-0: Foul Ball, location: 2F 1-1: Fielders Choice at 2nd, 3-6 (Groundball, 34, EV 110.6 MPH) Curtis Thompson to third
|
|
Batting: LHB Tsutomu Miyahara
|
0-0: Called Strike 0-1: Ball 1-1: Ball 2-1: Ground out 4-3 (Groundball, 4S, EV 72.5 MPH) Curtis Thompson scores Ryohei Nakano to second
|
|
Batting: LHB Ryan Flynn Jr.
|
0-0: Ball 1-0: Foul Ball, location: 2F 1-1: Foul Ball, location: 2F 1-2: SINGLE (Groundball, 34D, EV 98.1 MPH) Ryohei Nakano to third Runner from 3rd tries for Home, SAFE, throw by RF to home
|
|
Pitching: RHP Danny Gutierrez
|
|
|
Batting: RHB Ryan Flynn
|
0-0: Ball Ryan Flynn Jr. steals 2nd base 1-0: Swinging Strike 1-1: Fly out, F8 (Flyball, 8RS, EV 85.6 MPH)
|
| Top of the 8th over - 2 runs, 1 hit, 0 errors, 1 left on base; San Antonio 4 - San Jose 0 |
| BOTTOM OF THE 8TH |
|
San Jose Giants batting - Pitching for San Antonio Missions : RHP Zach Monlux
|
|
Batting: RHB Yutaka Oki
|
0-0: Ball 1-0: Called Strike 1-1: Ball 2-1: Swinging Strike 2-2: Foul Ball, location: 2F 2-2: Ground out 5-3 (Groundball, 56, EV 85.0 MPH)
|
|
Batting: LHB Nate Conley
|
0-0: Ball 1-0: Called Strike 1-1: Ball 2-1: Called Strike 2-2: Foul Ball, location: 2F 2-2: Fly out, F7 (Flyball, 7LS, EV 81.9 MPH)
|
|
Batting: RHB Tade Post
|
0-0: Swinging Strike 0-1: Foul Ball, location: 2F 0-2: Foul Ball, location: 2F 0-2: Ground out 3-1 (Groundball, 34, EV 86.3 MPH)
|
| Bottom of the 8th over - 0 runs, 0 hits, 0 errors, 0 left on base; San Antonio 4 - San Jose 0 |
| TOP OF THE 9TH |
|
San Antonio Missions batting - Pitching for San Jose Giants : RHP Danny Gutierrez
|
|
Batting: LHB Conrad Taylor
|
0-0: Called Strike 0-1: Foul Ball, location: 2F 0-2: Strikes out swinging
|
|
Batting: RHB Kyle Davis
|
0-0: Ball 1-0: Swinging Strike 1-1: Foul Ball, location: 2F 1-2: Strikes out swinging
|
|
Batting: RHB Min-chin Yi
|
0-0: Ball 1-0: Swinging Strike 1-1: Swinging Strike 1-2: Foul Ball, location: 2F 1-2: Ball 2-2: Foul Ball, location: 2F 2-2: Foul Ball, location: 2F 2-2: Foul Ball, location: 2F 2-2: Ball 3-2: Foul Ball, location: 2F 3-2: Strikes out swinging
|
| Top of the 9th over - 0 runs, 0 hits, 0 errors, 0 left on base; San Antonio 4 - San Jose 0 |
| BOTTOM OF THE 9TH |
|
San Jose Giants batting - Pitching for San Antonio Missions : RHP Zach Monlux
|
|
Pitching: RHP Travis White
|
|
|
Batting: RHB Adam Solesbee
|
0-0: SINGLE (Line Drive, 6D, EV 97.5 MPH)
|
|
Batting: LHB Tony Galvan
|
0-0: Ball 1-0: Foul Ball, location: 2F 1-1: Swinging Strike 1-2: Ball 2-2: Strikes out swinging
|
|
Batting: RHB Josh Lippens
|
0-0: Called Strike 0-1: Ball 1-1: Foul Ball, location: 2F 1-2: Foul Ball, location: 2F 1-2: Grounds into double play, 4-6-3 (Groundball, 34, EV 83.1 MPH)
|
| Bottom of the 9th over - 0 runs, 1 hit, 0 errors, 0 left on base; San Antonio 4 - San Jose 0 |
|